 Dungeon Crawl Stone Soup version 0.31.0-4-g52a2dc7128 (webtiles) character file.

Game seed: 9400538963300938727

7674 ssalbiz the Severer (level 10, -12/88 HPs)
             Began as a Minotaur Berserker on Jan 21, 2024.
             Was an Elder of Trog.
             Hit by a large rock thrown by a cyclops (18 damage)
             ... on level 11 of the Dungeon.
             The game lasted 00:14:58 (10552 turns).

ssalbiz the Severer (Minotaur Berserker)           Turns: 10552, Time: 00:14:58

Health: -12/88     AC: 12    Str: 25    XL:     10   Next: 99%
Magic:  9/9        EV: 13    Int:  7    God:    Trog [****..]
Gold:   648        SH:  0    Dex: 11    Spells: 9/9 levels left

rFire   + . .        b - +2 war axe (venom)
rCold   + . .        (no shield)
rNeg    . . .        D - +1 ring mail "Ukis Juthise" {Fly rC++ Int+3}
rPois   .            (helmet restricted)
rElec   .            L - +1 cloak
rCorr   .            E - +0 pair of gloves
SInv    .            A - +0 pair of boots
Will    +....        v - amulet of faith
Stlth   +            a - ring of willpower
HPRegen 0.34/turn    C - ring of fire
MPRegen 0.11/turn

%: faith
@: on berserk cooldown, flying, slowed, very slow
A: horns 2, retaliatory headbutt
a: Renounce Religion, Berserk, Trog's Hand, Brothers in Arms


You were on level 11 of the Dungeon.
You worshipped Trog.
Trog was greatly pleased with you.
You visited 1 branch of the dungeon, and saw 11 of its levels.
You also visited: Sewer.

You collected 708 gold pieces.
You spent 60 gold pieces at shops.

Inventory:

Hand Weapons
 b - a +2 war axe of venom (weapon)
Missiles
 o - 36 poisoned darts (quivered)
Armour
 A - a +0 pair of boots (worn)
 D - the +1 ring mail "Ukis Juthise" (worn) {Fly rC++ Int+3}
   (You took it off a wight on level 6 of the Dungeon)

   Int+3:     It affects your intelligence (+3).
   rC++:      It greatly protects you from cold.
   Fly:       It grants you flight.
 E - a +0 pair of gloves (worn)
 L - a +1 cloak (worn)
Jewellery
 a - a ring of willpower (left hand)
 v - an amulet of faith (around neck)
 C - a ring of fire (right hand)
Wands
 y - a wand of paralysis (9)
 H - a wand of mindburst (11)
 K - a wand of acid (4)
Scrolls
 c - 6 scrolls of teleportation {unknown}
 h - 2 scrolls of vulnerability {unknown}
 i - 5 scrolls of summoning {unknown}
 j - 11 scrolls of identify {unknown}
 l - 3 scrolls of enchant weapon {unknown}
 m - 2 scrolls of amnesia {unknown}
 p - 2 scrolls of brand weapon {unknown}
 q - a scroll of fog {unknown}
 s - 2 scrolls of poison {unknown}
 u - a scroll of fear {unknown}
 B - a scroll of noise {unknown}
 F - a scroll of revelation {unknown}
 M - a scroll of blinking {unknown}
Potions
 d - 2 potions of degeneration {unknown}
 e - a potion of attraction {unknown}
 f - 2 potions of haste {unknown}
 g - a potion of might {unknown}
 k - 2 potions of resistance {unknown}
 n - 6 potions of curing {unknown}
 r - a potion of enlightenment {unknown}
 t - 5 potions of brilliance {unknown}
 w - 5 potions of heal wounds
 x - a potion of ambrosia {unknown}
 z - a potion of lignification {unknown}
 G - a potion of berserk rage {unknown}
 I - a potion of invisibility {unknown}
 J - a potion of mutation {unknown}
 N - a potion of magic {unknown}


   Skills:
 + Level 8.2 Fighting
 - Level 16.0 Axes
 + Level 7.6 Armour
 + Level 6.9 Dodging


You had 9 spell levels left.
You didn't know any spells.
Your spell library was empty.

Dungeon Overview and Level Annotations

Branches:
Dungeon (11/15)            Temple (0/1) D:4            Lair (0/5) D:9
  Sewer (visited)
    Orc: D:9-12

Altars:
Fedhas
Qazlal
Ru
Uskayaw
Vehumet

Shops:
D:4 *   D:5 *   D:7 !

Annotations:
D:2 1 runed translucent door, exclusion: door, Crazy Yiuf


Innate Abilities, Weirdness & Mutations

You have a pair of horns on your head.
You reflexively headbutt those who attack you in melee.


Message History

The two-headed ogre barely misses you.
The two-headed ogre hits you with a +0 giant spiked club!
You slice the two-headed ogre!!
You feel the power of Trog in you as your rage grows.
You kill the two-headed ogre!
Trog accepts your kill.
Things that are here:
a +0 giant club; a +0 giant spiked club; a two-headed ogre corpse You start resting.
You feel a strong urge to attack something.
You start resting.
You feel your anger nearly subside.
You start resting.
You are no longer berserk.
You are exhausted.
You feel yourself slow down.
You start resting.
A cyclops comes into view.
A cyclops is nearby!
You start resting.
A cyclops is nearby!
You're still recovering from your berserk rage.
The cyclops hits you!!
You slash the cyclops!
The cyclops is lightly wounded.
You hit the cyclops.
The cyclops is moderately wounded.
The cyclops hits you!!
You hit the cyclops.
The cyclops is poisoned.
The cyclops is moderately wounded.
The cyclops hits you!
You fail to use your ability.
The cyclops hits you!!
* * * LOW HITPOINT WARNING * * *
Unknown command.
Your ogre goes berserk!
The cyclops hits you!
* * * LOW HITPOINT WARNING * * *
Your ogre rages.
The cyclops throws a large rock.
The large rock hits you!!
You die...

#############'###########
#................#
#................#
#................#
#................#
#................#
#................#
#......O.........#
+.....##@##...####
####'###.##...#
#....)C......#
#(..########## . ##..##
....###...# .....C.?.##
.8.......# .........#


You could see a cyclops (poisoned, ally target) and a friendly ogre (summoned,
berserk).

Vanquished Creatures
  2 two-headed ogres
  Maurice (D:10)
  A rime drake (D:9)
  A polar bear (D:9)
  A shadow (D:9)
  A wyvern (D:9)
  5 yaks (D:10)
  3 steam dragons
  Menkaure (D:5)
  2 acid dragons (D:9)
  4 water moccasins
  A sky beast (D:7)
  A black bear (D:7)
  A crocodile (Sewer)
  A wolf (D:9)
  10 ice beasts
  An ogre (D:5)
  A centaur (D:9)
  A phantom (D:7)
  3 kobold brigands
  2 bullfrogs
  A gnoll sergeant (D:9)
  3 scorpions
  6 wights
  2 killer bees (D:11)
  2 bombardier beetles (D:6)
  4 howler monkeys
  3 orc priests
  2 hounds
  2 jellies (D:6)
  Jessica (D:2)
  Natasha (thrice) (D:2)
  10 orc wizards
  4 gnolls (D:9)
  8 adders
  3 river rats
  A shadow imp (D:4)
  4 ufetubi
  2 dart slugs
  5 ribbon worms
  24 orcs
  3 bats
  5 endoplasms
  4 giant cockroaches
  3 goblins (D:4)
  5 hobgoblins
  3 jackals (D:3)
  A quokka (D:1)
  3 ball pythons
  A frilled lizard (D:1)
  25 kobolds
  7 rats
194 creatures vanquished.

Notes
Turn   | Place    | Note
-------+----------+-------------------------------------------
     0 | D:1      | ssalbiz the Minotaur Berserker began the quest for the Orb.
     0 | D:1      | Reached XP level 1. HP: 19/19 MP: 0/0
   223 | D:1      | Reached skill level 4 in Axes
   663 | D:1      | Reached XP level 2. HP: 26/26 MP: 1/1
  1141 | D:2      | Noticed Jessica
  1148 | D:2      | Killed Jessica
  1149 | D:2      | Reached skill level 5 in Axes
  1149 | D:2      | Reached XP level 3. HP: 22/31 MP: 2/2
  1214 | D:2      | Noticed Natasha
  1222 | D:2      | Killed Natasha
  1226 | D:2      | Identified the +7 hammer of Cigitsoth {elec, Int+2 Dex+6}
  1269 | D:2      | Found a runed translucent door.
  1270 | D:2      | Noticed Crazy Yiuf
  1306 | D:2      | Reached XP level 4. HP: 35/39 MP: 3/3
  1369 | D:2      | Reached skill level 6 in Axes
  1369 | D:2      | Noticed Natasha
  1376 | D:2      | Killed Natasha
  1392 | D:2      | Noticed Natasha
  1456 | D:2      | Killed Natasha
  1907 | D:3      | Found a glowing drain.
  1919 | D:3      | Reached XP level 5. HP: 45/45 MP: 4/4
  1926 | Sewer    | Entered a sewer
  1933 | Sewer    | Reached skill level 7 in Axes
  1939 | Sewer    | Reached ** piety under Trog
  1947 | Sewer    | Noticed a crocodile
  1954 | Sewer    | Killed a crocodile
  1955 | Sewer    | Reached skill level 8 in Axes
  2173 | Sewer    | Reached XP level 6. HP: 44/51 MP: 5/5
  3137 | D:4      | Noticed an ice beast
  3143 | D:4      | Killed an ice beast
  3144 | D:4      | Reached skill level 9 in Axes
  3253 | D:4      | Found Deeseq's General Store.
  3253 | D:4      | Found a staircase to the Ecumenical Temple.
  3305 | D:4      | Reached XP level 7. HP: 57/57 MP: 6/6
  3900 | D:5      | Entered Level 5 of the Dungeon
  3924 | D:5      | Reached skill level 10 in Axes
  3975 | D:5      | Found Onwesoygeha's Fire Supplies.
  4406 | D:5      | Noticed Menkaure
  4430 | D:5      | Reached skill level 11 in Axes
  4759 | D:5      | Killed Menkaure
  4760 | D:5      | Reached XP level 8. HP: 64/64 MP: 7/7
  4878 | D:5      | Found a blossoming altar of Fedhas.
  5087 | D:6      | Reached skill level 12 in Axes
  5369 | D:6      | Identified the +1 ring mail "Ukis Juthise" {Fly rC++ Int+3}
  5444 | D:6      | Reached *** piety under Trog
  5491 | D:6      | Reached skill level 13 in Axes
  6359 | D:6      | Reached skill level 14 in Axes
  6458 | D:7      | Reached XP level 9. HP: 47/70 MP: 8/8
  6566 | D:7      | Found Pafivybber's Distillery.
  6659 | D:7      | Bought a potion of heal wounds for 60 gold pieces
  6767 | D:7      | Reached skill level 15 in Axes
  6767 | D:7      | Reached **** piety under Trog
  7436 | D:8      | Reached skill level 16 in Axes
  7676 | D:8      | Found a sacrificial altar of Ru.
  7712 | D:8      | Found a stormy altar of Qazlal.
  8282 | D:9      | Noticed a polar bear
  8284 | D:9      | Noticed a rime drake
  8285 | D:9      | Found a staircase to the Lair.
  8290 | D:9      | Killed a polar bear
  8291 | D:9      | Killed a rime drake
  8292 | D:9      | Reached skill level 5 in Fighting
  8296 | D:9      | Reached XP level 10. HP: 74/81 MP: 9/9
  8441 | D:9      | Noticed a two-headed ogre
  8449 | D:9      | Killed a two-headed ogre
  8450 | D:9      | Reached skill level 5 in Armour
  8568 | D:9      | Reached skill level 5 in Dodging
  8929 | D:9      | Found a radiant altar of Vehumet.
  9161 | D:9      | Found a hide-covered altar of Uskayaw.
  9530 | D:10     | Entered Level 10 of the Dungeon
  9916 | D:10     | Noticed Maurice
  9922 | D:10     | Something stole 34 poisoned darts
  9926 | D:10     | Something stole 590 gold
  9950 | D:10     | Killed Maurice
 10514 | D:11     | Noticed a two-headed ogre
 10524 | D:11     | Killed a two-headed ogre
 10538 | D:11     | Noticed a cyclops
 10552 | D:11     | Hit by a large rock thrown by a cyclops

Illustrated notes

Levels and vault maps discovered:
D:1:      dpeg_arrival_short_road, layout_loops_cross, serial_forest,
          infiniplex_forest_straight_3, infiniplex_forest_clump_tiny,
          infiniplex_forest_split, infiniplex_forest_lined_room_,
          infiniplex_forest_straight_3, infiniplex_forest_fountain,
          infiniplex_forest_lined_4_way, infiniplex_forest_lined_2,
          kennysheep_small_spiral
D:2:      layout_basic, uniq_natasha, uniq_jessica, uniq_crazy_yiuf_cottage
D:3:      wad_lake_hut, layout_basic, portal_sewer_entry_b
D:4:      layout_loops_ring, minmay_temple_entry_butterflies, serial_demonic,
          serial_demonic_b, serial_demonic_c, serial_demonic_g,
          serial_demonic_f, serial_shops, nicolae_shop_statue_plus
D:5:      layout_loops_ring, mainiacjoe_overflow_surrounded_room,
          nicolae_shop_fire_sale [nicolae_sub_dead_trees], uniq_menkaure
D:6:      layout_basic
D:7:      layout_gridville, serial_shops, shop
D:8:      layout_layer_cave, mainiacjoe_overflow_swirl,
          nicolae_overflow_hidden_temple
D:9:      layout_long_grid, overflow_temple_1_default, old_standard_altar,
          hellmonk_lair_entry_icy
D:10:     layout_loops_cross, uniq_maurice
D:11:     dpeg_index_elf_rogue_hall, layout_stronghold,
          nicolae_trove_entry_isolated, ebering_ghost_xom, grunt_ministairs_6

Skill      XL: |  1  2  3  4  5  6  7  8  9 10 |
---------------+-------------------------------+-----
Axes           | 4 5 6 8 9 11 14 16 | 16.0
Fighting       | 5 8 |  8.2
Armour         | 4 7 |  7.6
Dodging        | 3 6 |  6.9

Action                     |  1- 3 |  4- 6 |  7- 9 | 10-12 || total
---------------------------+-------+-------+-------+-------++-------
  Melee: Hand axe          |    43 |   114 |   113 |       ||   270
         Headbutt          |     5 |    19 |    47 |    28 ||    99
         Punch             |     2 |     1 |     2 |       ||     5
         War axe           |       |       |   113 |   119 ||   232
  Throw: Dart              |       |     1 |    11 |     6 ||    18
 Invoke: Berserk           |     1 |     6 |     9 |     4 ||    20
         Trog's Hand       |       |     1 |       |     1 ||     2
         Brothers in Arms  |       |       |       |     2 ||     2
 Armour: Animal skin       |    17 |    53 |    24 |       ||    94
         Ring mail         |       |       |    87 |    86 ||   173
  Dodge: Dodged            |    13 |    60 |    96 |    58 ||   227
